 Dungeon Crawl Stone Soup version 0.21.1-1-g345015f (webtiles) character file.

5 theblackcape the Gusty (level 1, -4/13 HPs)
             Began as a Gnoll Wanderer on June 18, 2018.
             Slain by a goblin
             ... wielding a +0 club
              (6 damage)
             ... on level 1 of the Dungeon.
             The game lasted 00:02:25 (190 turns).

theblackcape the Gusty (Gnoll Wanderer)              Turns: 190, Time: 00:02:26

Health: -4/13      AC:  2    Str: 13    XL:     1   Next: 80%
Magic:  1/1        EV: 11    Int: 16    God:
Gold:   17         SH:  5    Dex: 13    Spells: 0/0 levels left

rFire    . . .     SeeInvis .   m - -3 dagger (curse)
rCold    . . .     Gourm    .   c - +0 buckler
rNeg     . . .     Faith    .   g - +0 robe (curse)
rPois    .         Spirit   .   (no helmet)
rElec    .         Reflect  .   (no cloak)
rCorr    .         Harm     .   (no gloves)
MR       .....                  (no boots)
Stlth    +.........             (no amulet)
HPRegen  0.04/turn              (no ring)
MPRegen  0.07/turn              (no ring)

@: no status effects
A: distributed training, fangs 1, strong nose
a: no special abilities


You were on level 1 of the Dungeon.
You were not hungry.

You visited 1 branch of the dungeon, and saw 1 of its levels.

You collected 17 gold pieces.

Inventory:

Hand Weapons
 m - a cursed -3 dagger (weapon)
Armour
 c - a +0 buckler (worn)
 g - a cursed +0 robe (worn)
Jewellery
 d - an uncursed amulet of magic regeneration {unknown}
Scrolls
 i - a scroll of fear {unknown}
 l - a scroll of remove curse {unknown}
Potions
 h - a potion of cancellation {unknown}
 k - a potion of flight {unknown}
Books
 a - a book of Air

   Spells                             Type                      Level
   a - Shock                          Conjuration/Air              1
   b - Swiftness                      Charms/Air                   2
   c - Static Discharge               Conjuration/Air              3
   d - Airstrike                      Air                          4
   e - Lightning Bolt                 Conjuration/Air              5
 b - Sif Muna's Disquisition on the Oath

   Spells                             Type                      Level
   a - Confusing Touch                Hexes                        1
   b - Confuse                        Hexes                        3
Comestibles
 f - a ration
 j - 2 chunks of flesh


   Skills:
 + Level 0.1 Fighting
 + Level 0.1 Short Blades
 + Level 0.1 Long Blades
 + Level 0.1 Axes
 + Level 0.1 Maces & Flails
 + Level 0.1 Polearms
 + Level 0.1 Staves
 + Level 0.1 Slings
 + Level 0.1 Bows
 + Level 0.1 Crossbows
 + Level 0.1 Throwing
 + Level 0.1 Armour
 + Level 0.1 Dodging
 + Level 0.1 Stealth
 + Level 4.4 Shields
 + Level 0.1 Unarmed Combat
 + Level 0.1 Spellcasting
 + Level 0.1 Conjurations
 + Level 3.6 Hexes
 + Level 0.1 Charms
 + Level 2.0 Summonings
 + Level 0.1 Necromancy
 + Level 0.1 Translocations
 + Level 0.1 Transmutations
 + Level 0.1 Fire Magic
 + Level 0.1 Ice Magic
 + Level 7.0 Air Magic
 + Level 2.0 Earth Magic
 + Level 0.1 Poison Magic
 + Level 0.2 Invocations
 + Level 0.1 Evocations


You couldn't memorise any spells.
You didn't know any spells.

Dungeon Overview and Level Annotations

Branches:
Dungeon (1/15)

Altars:


Innate Abilities, Weirdness & Mutations

Your experience applies equally to all skills.
You have very sharp teeth.
Your uncanny sense of smell can sniff out nearby items.


Message History

The goblin hits you with a club.
* * * LOW HITPOINT WARNING * * *
You barely miss the goblin.
The goblin is severely wounded.
The goblin hits you but does no damage.
You closely miss the goblin. You bite the goblin, but do no damage.
The goblin is heavily wounded.
You block the goblin's attack.
You closely miss the goblin.
The goblin is heavily wounded.
The goblin closely misses you.
You hit the goblin but do no damage.
The goblin is heavily wounded.
You hit the goblin but do no damage. Your bite misses the goblin.
The goblin is heavily wounded.
The goblin closely misses you.
You closely miss the goblin. Your bite misses the goblin.
The goblin is heavily wounded.
The goblin hits you with a club.
You die...

....# ........# ....#
.........# ....######
. .......#
.........###. .......#
.........+..###......#
#........#...........#
#........#...........#
#(.......#...........#
.....(...##.####@....#
.........##....#.g...#
....#..(.)...#.##..###
....###......# # ..#
....# #......# #.#
....# #......# ># ....
#......# .# ##
#......# .# #......#


You could see a goblin.

Vanquished Creatures
  A dart slug (D:1)
  2 kobolds (D:1)
3 creatures vanquished.

Notes
Turn   | Place    | Note
-------+----------+-------------------------------------------
     0 | D:1      | theblackcape the Gnoll Wanderer began the quest for the Orb.
     0 | D:1      | theblackcape set off with: a book of Air, Sif Muna's Disquisition on the Oath, a +0 buckler, a +0 robe, a +0 club, a ration
     0 | D:1      | Reached XP level 1. HP: 13/13 MP: 1/1
     0 | D:1      | Noticed a ghoul
     0 | D:1      | Identified Sif Muna's Disquisition on the Oath
     4 | D:1      | Noticed a vampire
     6 | D:1      | Noticed a dwarf
    12 | D:1      | Noticed a vine stalker
    12 | D:1      | Noticed a ghoul
    14 | D:1      | Noticed a minotaur skeleton
    18 | D:1      | Noticed an octopode
    52 | D:1      | Noticed a vine stalker
   190 | D:1      | Slain by a goblin

Skill      XL: |  1 |
---------------+----+-----
Summonings     | 2 |  2.0
Earth Magic    | 2 |  2.0
Fighting       | |  0.1
Short Blades   | |  0.1
Long Blades    | |  0.1
Axes           | |  0.1
Maces & Flails | |  0.1
Polearms       | |  0.1
Staves         | |  0.1
Slings         | |  0.1
Bows           | |  0.1
Crossbows      | |  0.1
Throwing       | |  0.1
Armour         | |  0.1
Dodging        | |  0.1
Stealth        | |  0.1
Shields        | |  4.4
Unarmed Combat | |  0.1
Spellcasting   | |  0.1
Conjurations   | |  0.1
Hexes          | |  3.6
Charms         | |  0.1
Necromancy     | |  0.1
Translocations | |  0.1
Transmutations | |  0.1
Fire Magic     | |  0.1
Ice Magic      | |  0.1
Air Magic      | |  7.0
Poison Magic   | |  0.1
Invocations    | |  0.2
Evocations     | |  0.1

Action                   || total
-------------------------++-------
Melee: Dagger            ||    14
       Club              ||    12
       Bite              ||     3
Armor: Robe              ||     3
Dodge: Dodged            ||    11
Block: Buckler           ||     2
